 Dungeon Crawl Stone Soup version 0.30-a0-534-gdc55766716 (webtiles) character file.

Game seed: 15494229450356771877

64 themarg the Conjurer (level 3, -11/25 (26) HPs)
             Began as a Draconian Conjurer on Dec 24, 2022.
             Mangled by Crazy Yiuf
             ... wielding a +2 quarterstaff of chaos
              (17 damage)
             ... on level 2 of the Dungeon.
             The game lasted 00:04:22 (2489 turns).

themarg the Conjurer (Draconian Conjurer)           Turns: 2489, Time: 00:04:22

HP:   -11/25 (26)   AC:  5    Str:  9    XL:     3   Next: 91%
MP:   0/7           EV: 12    Int: 20    God:
Gold: 65            SH:  0    Dex:  9    Spells: 4/7 levels left

rFire   + . .      SeeInvis .    c - +0 dagger
rCold   . . .      Faith    .    (no shield)
rNeg    . . .      Spirit   .    (body armour unavailable)
rPois   .          Reflect  .    (helmet restricted)
rElec   .          Harm     .    (no cloak)
rCorr   .          Rampage  .    (no gloves)
Will    .....                    (no boots)
Stlth   ++                       (no amulet)
HPRegen 0.24/turn                b - ring of protection from fire
MPRegen 0.10/turn                (no ring)

@: lightly drained
A: AC +5, unfitting armour, cold-blooded
a: no special abilities


You were on level 2 of the Dungeon.
You visited 1 branch of the dungeon, and saw 2 of its levels.

You collected 104 gold pieces.
You spent 39 gold pieces at shops.

Inventory:

Hand Weapons
 c - a +0 dagger (weapon)
Missiles
 j - 14 stones
 q - 3 boomerangs
Armour
 t - a +0 pair of gloves
Jewellery
 b - a ring of protection from fire (left hand)
 s - an amulet of guardian spirit
Scrolls
 d - 2 scrolls of magic mapping {unknown}
 h - a scroll of immolation {unknown}
 i - 2 scrolls of identify {unknown}
 k - a scroll of fear {unknown}
 l - a scroll of enchant armour {unknown}
 m - a scroll of teleportation {unknown}
 p - a scroll of fog {unknown}
Potions
 a - a potion of magic
 e - a potion of ambrosia {unknown}
 f - 2 potions of attraction {unknown}
 g - a potion of mutation {unknown}
 n - 2 potions of curing
 o - a potion of cancellation {unknown}
 r - a potion of might {unknown}


   Skills:
 - Level 1.7 Dodging
 + Level 2.4 Stealth
 * Level 2.9 Spellcasting
 * Level 4.6 Conjurations


You had 4 spell levels left.
You knew the following spells:

 Your Spells              Type           Power      Damage    Failure   Level
a - Magic Dart            Conj           84%        1d7       2%          1
b - Searing Ray           Conj           42%        2d6       3%          2

Your spell library contained the following spells:

 Spells                   Type           Power      Damage    Failure   Level
 Kiss of Death            Conj/Necr      48%        2d9       5%          1
 Dazzling Flash           Conj/Hex       24%        N/A       17%         3
 Confusing Touch          Hex            2%         N/A       41%         3
 Fulminant Prism          Conj/Hex       6%         3d7       50%         4
 Iskenderun's Mystic Bla  Conj/Tloc      12%        2d5       50%         4
 Dispel Undead            Necr           2%         3d7       82%         4


Dungeon Overview and Level Annotations

Branches:
Dungeon (2/15)

Altars:

Shops:
D:1 ![

Annotations:
D:2 Crazy Yiuf


Innate Abilities, Weirdness & Mutations

Your plain brown scales are hard. (AC +5)
You cannot fit into any form of body armour.
You are cold-blooded and may be slowed by cold attacks.


Message History

Press: ? - help, Shift-Dir - straight line, f - adder
Aim: an adder (63% to hit)
The searing ray misses the adder. (Press . to maintain the ray.)
The searing ray misses the adder.
The adder bites you but does no damage.
The searing ray hits the adder!
The adder is severely wounded.
The adder bites you but does no damage.
The searing ray hits the adder!
You kill the adder!
You finish channelling your searing ray.
You see here an adder corpse.
You open the door.
There is an open door here.
There is an open door here.
There is an open door here.
You see here a +0 scale mail.
Crazy Yiuf shouts!
Crazy Yiuf sings, "Trees, trees, trees, circus!"
You open the door.
Casting: Searing Ray (safe; 3% risk of failure)
Confirm with . or Enter, or press ? or * to list all spells.
Aiming: Searing Ray (safe; 3% risk of failure)
Press: ? - help, Shift-Dir - straight line, f - Crazy Yiuf
Aim: Crazy Yiuf, wielding a +2 quarterstaff of chaos and wearing a +1 cloak (81% to hit)
The searing ray hits Crazy Yiuf!
Crazy Yiuf is moderately wounded. (Press . to maintain the ray.) Crazy Yiuf hits you with a +2 quarterstaff of chaos!
You feel drained.
The searing ray hits Crazy Yiuf.
Crazy Yiuf is heavily wounded.
Crazy Yiuf hits you with a +2 quarterstaff of chaos.
You feel your power leaking away.
Without enough magic to sustain it, your searing ray dissipates.
Crazy Yiuf hits you with a +2 quarterstaff of chaos.
* * * LOW HITPOINT WARNING * * *
Crazy Yiuf hits you with a +2 quarterstaff of chaos!
Ouch! That really hurt!
You die...

##### #)..#
#...# ... #g#
♣@♣♣ ♣♣.♣
♣.♣♣ ♣♣.♣
♣♣.♣♣ ♣♣...♣
##### ♣....♣
# #...#
##..## #
#...####....#


You could see Crazy Yiuf.

Vanquished Creatures
  2 adders (D:2)
  A worm (D:2)
  A dart slug (D:1)
  5 ball pythons
  9 bats
  2 endoplasms (D:1)
  A giant cockroach (D:2)
  2 goblins
  A hobgoblin (D:1)
  3 jackals (D:1)
  2 quokkas
  5 frilled lizards
  2 kobolds
  3 rats (D:2)
39 creatures vanquished.

Notes
Turn   | Place    | Note
-------+----------+-------------------------------------------
     0 | D:1      | themarg the Draconian Conjurer began the quest for the Orb.
     0 | D:1      | Reached XP level 1. HP: 14/14 MP: 3/3
   126 | D:1      | Found Ysmetsus's Armour Shoppe.
   271 | D:1      | Reached XP level 2. HP: 20/20 MP: 3/5
   274 | D:1      | Learned a level 2 spell: Searing Ray
   344 | D:1      | Found Anke's Distillery.
  1517 | D:1      | Bought a potion of curing for 39 gold pieces
  1557 | D:2      | Reached XP level 3. HP: 16/26 MP: 0/7
  1861 | D:2      | Found a runed translucent door.
  1862 | D:2      | Noticed Crazy Yiuf
  2489 | D:2      | Mangled by Crazy Yiuf

Illustrated notes

Levels and vault maps discovered:
D:1:      pf_arrival_petrified_forest, layout_basic, serial_shops,
          nicolae_shop_crystal, shop_fountains
D:2:      layout_basic, uniq_crazy_yiuf_cottage

Skill      XL: |  1 |
---------------+----+-----
Stealth        | 2 |  2.4
Dodging        | |  1.7
Spellcasting   | |  2.9
Conjurations   | |  4.6

Action                   || total
-------------------------++-------
Melee: Unarmed           ||    20
       Tailslap          ||     4
       Dagger            ||     9
 Cast: Magic Dart        ||    58
       Searing Ray       ||     7
Armor: Skin              ||    11
Dodge: Dodged            ||    14

Table legend: (Time is in decaauts)
 A = Elapsed time spent in this place.
 B = Non-inter-level travel time spent in this place.
 C = Inter-level travel time spent in this place.
 D = Time resting spent in this place.
 E = Time spent auto-exploring this place.
 F = Levels seen in this place.
 G = Mean time per level.
                   A        B        C        D        E       F      G
               +--------+--------+--------+--------+--------+-----+--------+
         Total |   2487 |   2377 |    110 |     55 |   2099 |   2 | 1243.5 |
       Dungeon |   2487 |   2377 |    110 |     55 |   2099 |   2 | 1243.5 |
               +--------+--------+--------+--------+--------+-----+--------+

Top non-repeatable levels by time:
     D:1: 1544 daAuts
     D:2: 943 daAuts
